[Event "Team 45 45 League T29"]
[Site "Free Internet Chess Server"]
[Date "PST.01.0"]
[Round "3"]
[White "LLIAMAH"]
[Black "DreadPirateJosh"]
[Result "1-0"]
[WhiteElo "1704"]
[BlackElo "1689"]
[TimeControl "2700+45"]

1. c4 b6 2. Nc3 Bb7 3. e3 Nf6 4. b3 e6 5. Bb2 Bb4 6. Nf3 O-O 7. Qc2 h6 8. Be2 Qe7 9. a3 Bxc3 10. Bxc3 d5 11. cxd5 Bxd5 12. O-O Nbd7 13. Ne5 Nxe5 14. Bxe5 Ne4 15. Bf3 Ng5 16. Bxd5 exd5 17. Qxc7 Qxc7 18. Bxc7 Rac8 19. Bd6 Rfe8 20. f3 Ne6 21. Rac1 d4 22. e4 d3 23. Kf2 Nd4 24. Ke3 Nxb3 25. Rxc8 Rxc8 26. Kxd3 Rd8 27. e5 f6 28. f4 fxe5 29. fxe5 Nc5+ 30. Ke3 Ne6 31. d4 a6 32. d5 Nc5 33. Kd4 Nb3+ 34. Kc3 Nc5 35. Kc4 Ne4 36. Bb4 a5 37. Be1 Nc5 38. Bxa5 Rc8 39. Bb4 Na4+   {Black resigns} 1-0

[Event "Team 45 45 League T29"]
[Site "Free Internet Chess Server"]
[Date "PST.01.0"]
[Round "3"]
[White "TStrobaugh"]
[Black "BIRDSMAN"]
[Result "0-1"]
[WhiteElo "1521"]
[BlackElo "1593"]
[TimeControl "2700+45"]

1. e4 c5 2. Bc4 e6 3. Nf3 d6 4. O-O Nf6 5. Nc3 Nc6 6. d3 Bd7 7. a3 Be7 8. Bd2 O-O 9. Ne2 d5 10. exd5 Nxd5 11. Bxd5 exd5 12. h3 Be6 13. Nf4 Qb6 14. Nxe6 fxe6 15. Rb1 Rf6 16. h4 h6 17. Be3 Qc7 18. c3 Raf8 19. d4 c4 20. Ne5 Nxe5 21. dxe5 Rf5 22. Qg4 Kh7 23. h5 Bg5 24. Bxg5 Rxg5 25. Qxe6 Qxe5 26. Qd7 Rxh5 27. g3 Qe4 28. f3 Rxf3 29. Rxf3 Qxf3 30. Qxd5 Rh1#   {White checkmated} 0-1

[Event "Team 45 45 League T29"]
[Site "Free Internet Chess Server"]
[Date "PST.01.0"]
[Round "3"]
[White "reijo"]
[Black "clarinetref"]
[Result "0-1"]
[WhiteElo "1504"]
[BlackElo "1512"]
[TimeControl "2700+45"]

1. d4 Nf6 2. c4 g6 3. Nc3 Bg7 4. e4 d6 5. Nf3 O-O 6. Be2 Na6 7. O-O e5 8. Re1 Bg4 9. d5 Nc5 10. b4 Ncxe4 11. Nxe4 Nxe4 12. Qc2 Nf6 13. Rb1 Re8 14. Nd2 Bf5 15. Bd3 Bxd3 16. Qxd3 Bh6 17. Ne4 Bxc1 18. Rbxc1 Nxe4 19. Rxe4 f5 20. Re3 Qf6 21. f3 Rac8 22. c5 Red8 23. a4 dxc5 24. bxc5 Kg7 25. Rce1 Re8 26. Qb3 b6 27. d6 cxd6 28. cxd6 Qxd6 29. Rd1 Qc6 30. Rde1 Qc5 31. Kh1 Rc6 32. Qb2 Rce6 33. Rc3 Qd6 34. Qc2 R8e7 35. Rd1 Qb8 36. Rc8 Qb7 37. Rdd8 e4 38. Rg8+ Kh6 39. Qf2 g5 40. h4 Rg6 41. hxg5+ Rxg5 42. Qh4+ Rh5 43. Qxh5+ Kxh5 44. g4+ fxg4 45. Rcf8 Rf7 46. Rb8 Qa6 47. fxg4+ Kh4   {White resigns} 0-1

[Event "Team 45 45 League T29"]
[Site "Free Internet Chess Server"]
[Date "PST.01.0"]
[Round "3"]
[White "chesstalker"]
[Black "KlassAct"]
[Result "1/2-1/2"]
[WhiteElo "1423"]
[BlackElo "1426"]
[TimeControl "2700+45"]

1. e4 e5 2. Nf3 Nc6 3. Nc3 Bc5 4. Nxe5 Bxf2+ 5. Kxf2 Nxe5 6. d4 Qf6+ 7. Ke1 Ng6 8. Nd5 Qh4+ 9. g3 Qxe4+ 10. Qe2 Qxe2+ 11. Bxe2 Kd8 12. Rf1 f6 13. h4 N8e7 14. Ne3 d5 15. Bd2 c6 16. Rd1 Be6 17. c4 dxc4 18. Nxc4 Nd5 19. Nd6 Kc7 20. Ne4 Rhe8 21. Rc1 Bh3 22. Rh1 Bf5 23. Nc5 Re7 24. Kf2 Rae8 25. Rhe1 Nf8 26. Bf3 Rxe1 27. Rxe1 Rxe1 28. Kxe1 b6 29. Nb3 Ne6 30. a4 Bc2 31. Bd1 Bxd1 32. Kxd1 Kd7 33. Ke2 Nec7 34. a5 Ke6 35. Nc1 Kf5 36. Kf3 h5 37. Nd3 Ne6 38. Bc3 Nec7 39. Nf4 g5 40. Nxh5 Nb5 41. g4+ Ke6 42. Ng7+ Kf7 43. Nf5 gxh4 44. Nxh4 Ndxc3 45. bxc3 Nxc3 46. Nf5 Nd5 47. Ke4 Ke6 48. Ng7+ Kf7 49. Nf5 b5 50. Nd6+ Kg6 51. Nxb5 a6 52. Na7 Ne7 53. Kf4   {Game drawn by mutual agreement} 1/2-1/2

[Event "Team 45 45 League T29"]
[Site "Free Internet Chess Server"]
[Date "PST.01.0"]
[Round "3"]
[White "RedPimpernel"]
[Black "zcomcon"]
[Result "1/2-1/2"]
[WhiteElo "1593"]
[BlackElo "1713"]
[TimeControl "2700+45"]

1. Nf3 f5 2. g3 Nf6 3. Bg2 g6 4. O-O d6 5. d4 Bg7 6. Ng5 O-O 7. d5 c6 8. c4 cxd5 9. cxd5 h6 10. Nf3 e5 11. dxe6 Bxe6 12. Nh4 Nc6 13. Nxg6 Re8 14. Nf4 Bf7 15. Nc3 a6 16. Nfd5 Ne4 17. Nxe4 fxe4 18. e3 Re5 19. Nc3 d5 20. Ne2 Nb4 21. Bd2 Nd3 22. Bc3 Re7 23. Bxg7 Kxg7 24. Nf4 Nxf4 25. exf4 Rc8 26. Qd4+ Kh7 27. Bh3 Rc4 28. Qf6 Rc6 29. Qd4 Rec7 30. b3 b5 31. Rfd1 a5 32. Bf5+ Kg8 33. Bxe4 b4 34. Bxd5 Bxd5 35. Qxd5+ Qxd5 36. Rxd5 Ra7 37. Rad1 a4 38. bxa4 Rxa4 39. Rb5 Rc2 40. Rb8+ Kg7 41. Rd7+ Kg6 42. h3 Raxa2 43. Rb6+ Kf5 44. Rd5+ Ke4 45. Re5+ Kd3 46. Rd6+ Kc3 47. Rc5+ Kb2 48. Rxc2+ Kxc2 49. Kg2 b3 50. Rc6+ Kd3 51. f5 b2 52. Rb6 Kc2 53. Rc6+ Kd3 54. Rb6 Kc2 55. Rc6+ Kd3 56. Rb6 Kc2 57. Rc6+ Kd3 58. Rb6 Kc2 59. Rc6+ Kd3 60. Rb6 Kc2 61. Rc6+ Kd3 62. Rb6   {Game drawn by repetition} 1/2-1/2

[Event "Team 45 45 League T29"]
[Site "Free Internet Chess Server"]
[Date "PST.01.0"]
[Round "3"]
[White "thelovegambit"]
[Black "Lamtarra"]
[Result "1-0"]
[WhiteElo "1566"]
[BlackElo "1585"]
[TimeControl "2700+45"]

1. d4 d6 2. Nf3 Nf6 3. c4 Nbd7 4. Nc3 g6 5. e4 Bg7 6. Be2 O-O 7. O-O c5 8. Be3 Qb6 9. Qc2 Qd8 10. Rad1 b6 11. b3 cxd4 12. Nxd4 Bb7 13. f4 Nc5 14. Bf3 Qc8 15. h3 Rd8 16. Nd5 Bxd5 17. exd5 e6 18. dxe6 Nxe6 19. Bxa8 Qxa8 20. Nxe6 fxe6 21. Bd4 Qe4 22. Qxe4 Nxe4 23. Bxg7 Kxg7 24. Rf3 Kf6 25. Re3 Nc5 26. Rde1 Re8 27. b4 Nd7 28. g4 e5 29. Rd1 Re6 30. Rde1 Kf7 31. Kg2 Nf8 32. fxe5 dxe5 33. Rxe5 Rxe5 34. Rxe5 Nd7 35. Re2 Nf6 36. c5 bxc5 37. bxc5 Nd5 38. Kf3 Nc3 39. Rc2 Nb5 40. Ke4 Ke7 41. Rb2 Nc3+ 42. Kd4 Nd1 43. Rb7+ Kf8 44. c6   {Black resigns} 1-0

[Event "Team 45 45 League T29"]
[Site "Free Internet Chess Server"]
[Date "PST.01.0"]
[Round "3"]
[White "byrdman"]
[Black "ahorse"]
[Result "1-0"]
[WhiteElo "1559"]
[BlackElo "1524"]
[TimeControl "2700+45"]

1. e4 c5 2. f4 d5 3. e5 Nc6 4. Nf3 Bg4 5. Be2 e6 6. O-O Nh6 7. b3 Be7 8. Bb2 Nf5 9. h3 Bxf3 10. Rxf3 Qb6 11. c4 d4 12. Bd3 Nb4 13. Bxf5 exf5 14. Ba3 Nc6 15. d3 Nd8 16. Nd2 Ne6 17. Nf1 g5 18. Bc1 g4 19. hxg4 fxg4 20. Rf2 h5 21. f5 g3 22. Nxg3 Ng5 23. f6 h4 24. Nf5 h3 25. Ng7+ Kd7 26. Bxg5 hxg2 27. Qg4+ Kc7 28. Qxg2 Bf8 29. Qd5   {Black resigns} 1-0

[Event "Team 45 45 League T29"]
[Site "Free Internet Chess Server"]
[Date "PST.01.0"]
[Round "3"]
[White "maglover"]
[Black "oub"]
[Result "1-0"]
[WhiteElo "1496"]
[BlackElo "1383"]
[TimeControl "2700+45"]

1. c4 d5 2. cxd5 Qxd5 3. Nc3 Qd8 4. Nf3 g6 5. g3 Bg7 6. Bg2 e5 7. O-O Bf5 8. d3 Nc6 9. Be3 Nge7 10. Qd2 b6 11. Bh6 O-O 12. Bxg7 Kxg7 13. Nh4 Be6 14. Ne4 Bd5 15. Qc3 Nd4 16. Qd2 a5 17. e3 Ne6 18. Qc3 f6 19. d4 exd4 20. exd4 Bxe4 21. Bxe4 Nd5 22. Qc6 Nb4 23. Qxa8 Qxd4 24. Qb7 Qxb2 25. Rfe1 Qc3 26. Rac1 Qe5 27. Bxg6 Qd6 28. Bf5 Nc5 29. Rcd1 Nxb7 30. Rxd6 Nxd6 31. Re7+ Rf7 32. Rxf7+ Nxf7 33. a3 Na2 34. Be6 Nc3 35. Nf5+ Kf8 36. f4 Nb5 37. a4 Nbd6 38. Kf1 Nd8 39. Nd4 c5 40. Nf5 Nxf5 41. Bxf5 Ke7 42. Bxh7 Ke6 43. g4 Nf7 44. Bg8 Ke7 45. Bxf7 Kxf7 46. Ke2 f5 47. g5 Kg6 48. Kd3 Kf7 49. Kc4 Ke6 50. h4 Kf7 51. h5 Kg7 52. h6+ Kh7 53. Kd5 Kg6 54. Ke6 c4 55. h7 Kxh7 56. Kf7 c3 57. g6+ Kh6 58. g7 Kh5 59. g8=Q Kh4 60. Qh8+ Kg4 61. Qxc3 Kxf4 62. Qd4+ Kf3 63. Qxb6 f4 64. Qxa5 Kg3 65. Qc3+ f3 66. Qg7+ Kf4 67. Qf6+ Ke4 68. Qh4+ Kd5 69. Qf4 f2 70. Qxf2 Kc6 71. Qf5 Kb7 72. Qe6 Kb8 73. Qe7 Kc8 74. Ke6 Kb8 75. Kd6 Ka8 76. Kc6 Kb8 77. Qb7#   {Black checkmated} 1-0

[Event "Team 45 45 League T29"]
[Site "Free Internet Chess Server"]
[Date "PST.01.0"]
[Round "3"]
[White "reijo"]
[Black "rgadoury"]
[Result "0-1"]
[WhiteElo "1524"]
[BlackElo "1444"]
[TimeControl "2700+45"]

1. d4 d5 2. c4 e6 3. Nc3 Nf6 4. cxd5 exd5 5. Bg5 Be7 6. e3 O-O 7. Bd3 h6 8. Bh4 c6 9. Qc2 Nbd7 10. Nge2 Nh5 11. Bxe7 Qxe7 12. O-O Nhf6 13. Rae1 Qd6 14. e4 dxe4 15. Nxe4 Nxe4 16. Bxe4 Nf6 17. Bd3 Ng4 18. g3 Nf6 19. Rd1 Kh8 20. Qc5 Qxc5 21. dxc5 Be6 22. b4 Bxa2 23. Nd4 a6 24. Nf5 Bd5 25. Nd6 Rab8 26. Rfe1 Bb3 27. Rd2 Be6 28. Bf5 Nd5 29. Bxe6 fxe6 30. Rxe6 Nxb4 31. Rb2 a5 32. Re7 b6 33. Nb7 Nd3 34. Rxb6 Nxc5 35. Rxc6 Rxb7 36. Re5 Nb3 37. f4 a4 38. Ra6 Rb4 39. f5 Nd4 40. g4 Nf3+   {White resigns} 0-1

[Event "Team 45 45 League T29"]
[Site "Free Internet Chess Server"]
[Date "PST.01.0"]
[Round "3"]
[White "dianabutterfly"]
[Black "SandiaF"]
[Result "1-0"]
[WhiteElo "1389"]
[BlackElo "1433"]
[TimeControl "2700+45"]

1. e4 c5 2. Bc4 Nc6 3. Nc3 d6 4. Nf3 Bg4 5. Bxf7+ Kxf7 6. Ng5+ Ke8 7. Qxg4 Ne5 8. Qd1 Nf6 9. O-O h6 10. Ne6 Qd7 11. Nd5 Rc8 12. Nef4 e6 13. Nxf6+ gxf6 14. Qh5+ Qf7 15. d3 Qxh5 16. Nxh5 Ke7 17. Bf4 Ng6 18. Bd2 Rg8 19. Ng3 Nh4 20. f4 h5 21. Rae1 Bh6 22. Re2 Rg7 23. Nxh5 Rg4 24. h3 Rgg8 25. Be1 Ng6 26. f5 Ne5 27. fxe6 Rg6 28. Ng3 Rcg8 29. Nf5+ Kxe6 30. d4 cxd4 31. Nxd4+ Kd7 32. Nf5 Nc4 33. g4 d5 34. b3 Ne5 35. exd5 Re8 36. Kg2 Nxg4 37. Rxe8 Kxe8 38. Nd6+ Kd7 39. hxg4 Rxg4+ 40. Bg3 Bg5 41. Nxb7 Bh4 42. Nc5+ Ke8 43. Rf3 Kf7 44. Kh3 Bxg3 45. Kxg4   {Black resigns} 1-0

[Event "Team 45 45 League T29"]
[Site "Free Internet Chess Server"]
[Date "PST.01.0"]
[Round "3"]
[White "EyeAm"]
[Black "Kamalleo"]
[Result "1-0"]
[WhiteElo "1381"]
[BlackElo "1272"]
[TimeControl "2700+45"]

1. e4 e5 2. Nf3 Nc6 3. Bc4 d6 4. d4 Bg4 5. d5 Nd4 6. Nbd2 Nf6 7. O-O g6 8. h3 Bxh3 9. gxh3 Qd7 10. Nxd4 Qxh3 11. Qf3 Qh4 12. Qg2 Bh6 13. N2f3 Qh5 14. Bxh6 Qxh6 15. Bb5+ Kf8 16. Nb3 Nxe4 17. Rfe1 f5 18. Bd3 Nf6 19. Bc4 e4 20. Ng5 Qh4 21. Ne6+ Ke7 22. Qg3 Qh5 23. Be2 Qh6 24. c4 Rhg8 25. Qh2 Qxh2+ 26. Kxh2 g5 27. Rg1 h6 28. Nbd4 f4 29. Nf5+ Kf7 30. Nxh6+ Kg6 31. Nxg8 Rxg8 32. Rxg5+ Kf7 33. Rxg8 Kxg8 34. Rg1+ Kf7 35. Rg7+ Ke8 36. f3 Nh5 37. Rxc7 e3 38. Nd4 Kd8 39. Rxb7 Kc8 40. Rxa7 Kb8 41. Rd7 Kc8 42. Rxd6 Kc7 43. Rh6 Ng3 44. d6+ Kd7 45. a4 Kd8 46. a5 Kd7 47. a6 Kd8 48. a7 Kd7 49. a8=Q   {Black resigns} 1-0

[Event "Team 45 45 League T29"]
[Site "Free Internet Chess Server"]
[Date "PST.01.0"]
[Round "3"]
[White "redback"]
[Black "Scapegoated"]
[Result "1-0"]
[WhiteElo "1403"]
[BlackElo "1550"]
[TimeControl "2700+45"]

1. e4 e6 2. d4 d5 3. e5 c5 4. Nf3 Nc6 5. c3 Bd7 6. Bb5 cxd4 7. cxd4 a6 8. Bd3 Qb6 9. Be2 Nge7 10. Nc3 Nf5 11. Be3 Nxe3 12. fxe3 Be7 13. O-O O-O 14. Qc2 Nb4 15. Qd2 Rac8 16. a3 Nc6 17. e4 dxe4 18. Nxe4 f6 19. exf6 Bxf6 20. Nxf6+ Rxf6 21. Kh1 Rcf8 22. d5 Ne7 23. Bc4 exd5 24. Bxd5+ Nxd5 25. Qxd5+ Qe6 26. Qxb7 Qc6 27. Qb3+ Be6 28. Qe3 Bd5 29. Rac1 Qa8 30. Rc3 Qb7 31. Qe2 g5 32. h3 h5 33. Kg1 g4 34. hxg4 hxg4 35. Nd2 Qb6+ 36. Re3 g3 37. Qg4+ Rg6 38. Rxf8+ Kxf8 39. Qf4+ Qf6 40. Qxf6+ Rxf6 41. Rxg3 Re6 42. b4 Re2 43. Nf3 Ra2 44. Nd4 Ke7 45. Re3+ Kd6 46. Ne2 Ra1+ 47. Kf2 Kc6 48. Nd4+ Kd6 49. Nf5+ Kc6 50. Ne7+ Kd6 51. Nxd5 Kxd5 52. g4 Ra2+ 53. Kg3 Kd4 54. Kf4 Kc4 55. g5 Rf2+ 56. Rf3 Ra2 57. g6 Kb5 58. g7 Rg2 59. Rg3 Rf2+ 60. Kg5   {Black resigns} 1-0

[Event "Team 45 45 League T29"]
[Site "Free Internet Chess Server"]
[Date "PST.01.0"]
[Round "3"]
[White "wekabird"]
[Black "Dreadtower"]
[Result "1-0"]
[WhiteElo "1446"]
[BlackElo "1404"]
[TimeControl "2700+45"]

1. c4 e5 2. d3 Nf6 3. a3 Be7 4. Nc3 O-O 5. Nf3 b6 6. g3 Bb7 7. Bg2 c5 8. h3 d5 9. cxd5 Nxd5 10. Nxd5 Nc6 11. Nxe7+ Qxe7 12. e4 Rad8 13. O-O c4 14. Ne1 cxd3 15. Nxd3 Ba6 16. Qc2 Bxd3 17. Qxc6 Bxf1 18. Bxf1 Rd1 19. Qc3 Rc8 20. Qxc8+ Qf8 21. Qc3 Qe8 22. b4 f5 23. exf5 e4 24. Qb3+ Kf8 25. Qxd1 Qe5 26. Rb1 Qxf5 27. Bb2 Qg5 28. Qd6+ Ke8 29. Rd1 Qf5 30. Qd8+ Kf7 31. Rd7+ Kg6 32. Rxg7+ Kh6 33. Qh4+ Qh5 34. Rxh7+   {Black resigns} 1-0

[Event "Team 45 45 League T29"]
[Site "Free Internet Chess Server"]
[Date "PST.01.0"]
[Round "3"]
[White "nasmichael"]
[Black "UIPawn"]
[Result "1-0"]
[WhiteElo "1275"]
[BlackElo "1272"]
[TimeControl "2700+45"]

1. d4 d5 2. Nf3 Nc6 3. Bf4 Bg4 4. h3 Bxf3 5. exf3 Nf6 6. Nc3 e6 7. a3 Bd6 8. Bg5 Be7 9. Bb5 a6 10. Be2 O-O 11. O-O e5 12. dxe5 Nxe5 13. f4 Nc4 14. Bxf6 Bxf6 15. Nxd5 Bxb2 16. Rb1 b5 17. Bxc4 Bxa3 18. Be2 c6 19. Ne3 Bc5 20. Ng4 Be7 21. Qc1 Qd6 22. Rd1 Qc7 23. Bf3 Qb6 24. c4 Qc5 25. cxb5 Qxc1 26. Rdxc1 cxb5 27. Bxa8 Rxa8 28. Rc7 Bd6 29. Rb7 Bxf4 30. Ne3 h6 31. Nd5 Bd6 32. Nb6 Rd8 33. Rd7 Rxd7 34. Nxd7 b4 35. Nb6 a5 36. g3 Bc7 37. Nd5 Bd6 38. Ra1 b3 39. Rxa5 b2 40. Rb5 Be5 41. Nb6 Kf8 42. Nc4 f6 43. Nxe5 fxe5 44. Rxb2 Kf7 45. Kg2 Kf6 46. Kf3 g5 47. Ke4 h5 48. Rb6+ Ke7 49. Kxe5 Kd7 50. Rh6 h4 51. g4 Ke7 52. Kf5 Kf7 53. Rh7+ Kg8 54. Ra7 Kf8 55. Ke6 Ke8 56. Ra8#   {Black checkmated} 1-0

[Event "Team 45 45 League T29"]
[Site "Free Internet Chess Server"]
[Date "PST.01.0"]
[Round "3"]
[White "deionsandersson"]
[Black "javamanissa"]
[Result "1-0"]
[WhiteElo "1866"]
[BlackElo "1841"]
[TimeControl "2700+45"]

1. e4 e5 2. Nf3 Nc6 3. Bc4 Bc5 4. b4 Bxb4 5. c3 Bc5 6. O-O d6 7. d4 Bb6 8. dxe5 Nge7 9. exd6 cxd6 10. Ba3 Ne5 11. Nxe5 dxe5 12. Qh5 O-O 13. Qxe5 Nc6 14. Qh5 Ne7 15. Rd1 Qc7 16. Bb3 Be6 17. Nd2 Rfe8 18. Nf3 Ng6 19. Ng5 Nf8 20. Bxf8 Kxf8 21. Nxh7+ Kg8 22. Rd3 Qf4 23. Qg5 Bxf2+ 24. Kh1 Be3 25. Rxe3 Qxg5 26. Nxg5 Bxb3 27. axb3 a5 28. h3 b5 29. Nf3 a4 30. bxa4 bxa4 31. Nd4 Reb8 32. c4 Rb4 33. Rc3 Rc8 34. Rac1 Re8 35. c5 Rxd4 36. c6 Rc8 37. e5 Re4 38. Ra3 Kf8 39. Rc5 Ke7 40. Kg1 Ke6 41. Kf2 Rxe5 42. Rxe5+ Kxe5 43. Rxa4 Rxc6 44. Ra7 Kf6 45. g4 Rc7 46. Rxc7   {Black resigns} 1-0

[Event "Team 45 45 League T29"]
[Site "Free Internet Chess Server"]
[Date "2006.01.10"]
[Round "3"]
[White "RomaLavrn"]
[Black "spendius"]
[Result "1-0"]
[WhiteElo "1881"]
[BlackElo "1734"]
[TimeControl "2700+45"]

1. Nf3 Nf6 2. c4 c5 3. g3 g6 4. Bg2 Bg7 5. Nc3 Nc6 6. O-O O-O 7. e4 d6 8. d4 cxd4 9. Nxd4 Bd7 10. Re1 Nh5 11. Be3 Nf6 12. Rc1 Rc8 13. b3 Ng4 14. Nxc6 Nxe3 15. Nxe7+ Qxe7 16. Rxe3 Rfd8 17. Nd5 Qf8 18. Rd3 Kh8 19. Qf3 f5 20. Rcd1 Bc6 21. exf5 gxf5 22. Qh5 Be8 23. Qh4 b5 24. cxb5 Bxb5 25. Nf4 Bxd3 26. Ng6+   {Black resigns} 1-0

[Event "Team 45 45 League T29"]
[Site "Free Internet Chess Server"]
[Date "PST.01.0"]
[Round "3"]
[White "IChattopadhyaya"]
[Black "phorku"]
[Result "1/2-1/2"]
[WhiteElo "1675"]
[BlackElo "1533"]
[TimeControl "2700+45"]

1. e4 d5 2. exd5 Nf6 3. d4 Nxd5 4. c4 Nf6 5. Nf3 Bg4 6. Be2 e6 7. O-O Nc6 8. Be3 Qd7 9. d5 exd5 10. cxd5 Nxd5 11. Qb3 Nb6 12. Nc3 Bd6 13. Rad1 O-O 14. Nb5 Qe7 15. Nxd6 cxd6 16. Rfe1 Be6 17. Qc2 Rac8 18. Bxb6 axb6 19. Qd2 Rfd8 20. b3 Qf6 21. Qe3 Ra8 22. Qxb6 Rxa2 23. Qxb7 Na5 24. Qb6 Bxb3 25. Rd3 Bc4 26. Qb1 Rxe2 27. Rxe2 Bxd3 28. Qxd3 h6 29. Qb5   {Game drawn by mutual agreement} 1/2-1/2

[Event "Team 45 45 League T29"]
[Site "Free Internet Chess Server"]
[Date "PST.01.0"]
[Round "3"]
[White "uiknight"]
[Black "Nemisis"]
[Result "1-0"]
[WhiteElo "1943"]
[BlackElo "1875"]
[TimeControl "2700+45"]

1. e4 c5 2. c3 g6 3. d4 cxd4 4. cxd4 d5 5. e5 Bg7 6. Nc3 Nc6 7. Be2 a6 8. h3 Bf5 9. Bf3 e6 10. Nge2 h5 11. Be3 Nge7 12. O-O Rc8 13. Qd2 Nb4 14. Bg5 Bd3 15. a3 Bxe2 16. Nxe2 Nbc6 17. Rac1 Qa5 18. Rc3 Qb6 19. Rfc1 Nf5 20. Kh1 Bh6 21. Bxh6 Nxh6 22. b4 Nf5 23. Rc5 Kd7 24. Bxd5 exd5 25. Nc3 Nce7 26. Nxd5 Nxd5 27. Rxd5+ Ke6 28. Rdc5 Rxc5 29. Rxc5 Rd8 30. d5+ Kxe5 31. d6+ Kf6 32. Qc3+ Kg5 33. Qe3+   {Black resigns} 1-0

[Event "Team 45 45 League T29"]
[Site "Free Internet Chess Server"]
[Date "2006.01.11"]
[Round "3"]
[White "vibi"]
[Black "MFalme"]
[Result "1-0"]
[WhiteElo "1679"]
[BlackElo "1523"]
[TimeControl "2700+45"]

1. d4 d5 2. c4 Bf5 3. Nf3 Nc6 4. Bf4 e6 5. e3 Nb4 6. Na3 Bd6 7. Bxd6 Qxd6 8. c5 Qe7 9. Qa4+ Nc6 10. Bb5 Qd8 11. Ne5 Ne7 12. Nxc6 Nxc6 13. Bxc6+ bxc6 14. Qxc6+ Ke7 15. Nb5 a6 16. Qxc7+ Qxc7 17. Nxc7 Ra7 18. Nxa6 Rxa6 19. Kd2 f6 20. Kc3 Kd7 21. a4 Rha8 22. b3 Kc6 23. Ra2 e5 24. Rha1 Bd7 25. b4 Kc7 26. Kb3 g5 27. b5 Rc6 28. bxc6 Bxc6 29. a5 e4 30. a6 Ra7 31. Ra5 h5 32. f3 f5 33. fxe4 fxe4 34. Rf1 Be8 35. Rf5 g4 36. Kc3 Kc6 37. Rf6+ Kc7 38. Rf8 Kc8 39. Rxe8+ Kc7 40. Re7+ Kb8 41. Rxa7 Kxa7 42. Kb4 h4 43. Kb5 g3 44. h3 Kb8 45. Kb6 Ka8 46. c6 Kb8 47. c7+ Kc8 48. a7 Kd7 49. Rxd5+   {Black resigns} 1-0

[Event "Team 45 45 League T29"]
[Site "Free Internet Chess Server"]
[Date "2006.01.10"]
[Round "3"]
[White "twinders"]
[Black "sixkiller"]
[Result "0-1"]
[WhiteElo "1738"]
[BlackElo "1583"]
[TimeControl "2700+45"]

1. d4 Nf6 2. c4 e6 3. Nc3 Bb4 4. Nf3 b6 5. Bg5 Bb7 6. e3 h6 7. Bh4 g5 8. Bg3 Ne4 9. Qc2 Bxc3+ 10. bxc3 Nxg3 11. hxg3 g4 12. Ne5 Qg5 13. Nd3 Nc6 14. Nf4 Ne7 15. Rh5 Qg7 16. e4 d6 17. d5 e5 18. Ne2 Qg6 19. Rh2 O-O 20. f3 Kg7 21. Rh4 Bc8 22. Qd3 f5 23. Ng1 fxe4 24. Qxe4 Bf5 25. Qe3 Bd7 26. Bd3 Nf5 27. Bxf5 Bxf5 28. Kd2 h5 29. Ne2 Rae8 30. Rah1 Rh8 31. R4h2 Bb1 32. a3 Qc2+ 33. Ke1 Qf5 34. Kf2 Bd3 35. Ke1 Bxc4 36. Qe4 Qxe4 37. fxe4 Kg6 38. Rf1 Bd3 39. Rf2 Bxe4 40. Rh1 Ref8 41. Rhf1 Rxf2 42. Rxf2 Bxd5 43. Kd2 Kg5 44. Rf7 Bxf7   {White resigns} 0-1

[Event "Team 45 45 League T29"]
[Site "Free Internet Chess Server"]
[Date "PST.01.0"]
[Round "3"]
[White "JBFelo"]
[Black "Maras"]
[Result "0-1"]
[WhiteElo "1979"]
[BlackElo "2154"]
[TimeControl "2700+45"]

1. d4 Nf6 2. c4 e6 3. Nc3 Bb4 4. e3 Nc6 5. Bd3 e5 6. a3 Bxc3+ 7. bxc3 d6 8. Ne2 O-O 9. e4 Re8 10. f3 h6 11. Be3 Qe7 12. O-O b6 13. Ng3 Na5 14. Qe2 g5 15. Rae1 c5 16. Qf2 Be6 17. Nf5 Bxf5 18. exf5 Nh5 19. g3 Qf6 20. d5 Kh7 21. Qe2 Rg8 22. Kf2 Nf4 23. Qc2 Rae8 24. Bc1 Nxd3+ 25. Qxd3 Qg7 26. g4 f6 27. Rh1 Qd7 28. h4 Kg7 29. hxg5 hxg5 30. Bxg5 Rh8 31. Bc1 Qa4 32. Reg1 Qxc4 33. Qe3 Qa2+ 34. Kg3 Nc4 35. Qf2 Qb3 36. Rh5 Qxc3 37. Rgh1 Rxh5 38. gxh5 Kh7 39. Rh4 Rg8+ 40. Kh2 Qxc1 41. Rg4   {White resigns} 0-1

[Event "Team 45 45 League T29"]
[Site "Free Internet Chess Server"]
[Date "PST.01.0"]
[Round "3"]
[White "kaliyug"]
[Black "rudini"]
[Result "1-0"]
[WhiteElo "1958"]
[BlackElo "1853"]
[TimeControl "2700+45"]

1. d4 Nf6 2. c4 e5 3. dxe5 Ng4 4. Bf4 Nc6 5. Nf3 Bb4+ 6. Nc3 Bxc3+ 7. bxc3 Qe7 8. Qd5 f6 9. exf6 Nxf6 10. Qd3 d6 11. h3 O-O 12. Bg5 Qf7 13. e3 Ne5 14. Nxe5 dxe5 15. Rd1 Ne4 16. Bh4 Nxf2 17. Qd5 Be6 18. Qxe5 Nxh1 19. Be2 Bxc4 20. Bf3 Rae8 21. Qc5 b6 22. Qd4 c5 23. Qd2 Qf4 24. Bf2 Nxf2 25. Kxf2 Qf7 26. Kg1 Kh8 27. a3 Qe7 28. Re1 Rd8 29. Qf2 Bd5 30. e4 Bxe4 31. Qe3 Rxf3 32. gxf3 Re8 33. fxe4 Qe5 34. Re2 Rf8 35. Rf2 Rxf2 36. Kxf2 Qh2+ 37. Ke1 Qe5 38. Qf3 Qf6 39. Qg3 Qf8 40. Ke2 h6 41. Qc7 Qe8 42. Ke3 Qh5 43. Qd8+ Kh7 44. h4 Qe5 45. Kd3 Qe6 46. a4 Qc6 47. Qd5 Qxd5+ 48. exd5 Kg6 49. Kc4 Kf6 50. Kb5 g5 51. hxg5+ hxg5 52. Kc6 g4 53. d6 g3 54. d7 Kf5 55. d8=Q Kf4 56. Qd2+ Kf3 57. Qd5+ Kf2 58. Qf5+ Kg1 59. Kd5 g2 60. Ke4 Kh2 61. Qf4+ Kh3 62. Qg5 Kh2 63. Qh4+ Kg1 64. Kf3 a6 65. Qf2+   {Black resigns} 1-0

[Event "Team 45 45 League T29"]
[Site "Free Internet Chess Server"]
[Date "PST.01.0"]
[Round "3"]
[White "danilosadjuto"]
[Black "lrzal"]
[Result "0-1"]
[WhiteElo "1976"]
[BlackElo "1845"]
[TimeControl "2700+45"]

1. e4 d6 2. d4 Nd7 3. Nc3 e5 4. Nf3 Ngf6 5. Be2 Be7 6. O-O O-O 7. Qd3 c6 8. Rd1 Qc7 9. Be3 Re8 10. Ng5 h6 11. Nf3 Ng4 12. Bd2 exd4 13. Nxd4 Nde5 14. Qg3 Qd8 15. Nf3 Nxf3+ 16. Qxf3 Be6 17. Bf4 Qb6 18. h3 Ne5 19. Qg3 Kh7 20. Rab1 f6 21. Bh5 Red8 22. Be3 Qa5 23. Bd4 Nf7 24. Bg6+ Kg8 25. f4 Nh8 26. f5 Nxg6 27. Qxg6 Bf7 28. Qg3 Kh7 29. Rd3 Rd7 30. Rbd1 Re8 31. a3 Bf8 32. Qf2 b5 33. Be3 Qc7 34. b3 a5 35. Bb6 Qc8 36. Bxa5 d5 37. b4 Rde7 38. exd5 cxd5 39. Nxb5 Re2 40. Qg3 Qxf5 41. Nd4 Qc8 42. Nxe2 Rxe2 43. R3d2 Re5 44. Re1 Rg5 45. Qc7 Qxh3 46. Qxf7 Bd6 47. Re8 Qh2+ 48. Kf1 Qh1+ 49. Ke2 Rxg2+ 50. Kd3 Qh3+ 51. Re3 Qf5+ 52. Kc3 Be5+ 53. Rxe5 Qxe5+ 54. Kb3 Rxd2 55. b5 Rd1 56. Bc3 d4 57. Bb4 Qxb5 58. Qe6 d3 59. Qe4+ f5 60. Qf3 dxc2 61. Kxc2 Rf1 62. Qc3 Qa4+ 63. Kd3 Rf3+   {White resigns} 0-1

[Event "Team 45 45 League T29"]
[Site "Free Internet Chess Server"]
[Date "PST.01.0"]
[Round "3"]
[White "CelticDeath"]
[Black "jjgsmm"]
[Result "1-0"]
[WhiteElo "1782"]
[BlackElo "1655"]
[TimeControl "2700+45"]

1. e4 c5 2. c3 e6 3. d4 cxd4 4. cxd4 Nc6 5. Nf3 Nf6 6. Nc3 Bb4 7. Bd3 O-O 8. O-O d6 9. e5 dxe5 10. dxe5 Bxc3 11. bxc3 Nd5 12. Bxh7+ Kh8 13. Ng5 Nxc3 14. Qh5   {Black resigns} 1-0

[Event "Team 45 45 League T29"]
[Site "Free Internet Chess Server"]
[Date "PST.01.0"]
[Round "3"]
[White "Sportsmen"]
[Black "NBZ"]
[Result "1-0"]
[WhiteElo "2193"]
[BlackElo "1999"]
[TimeControl "2700+45"]

1. e4 c6 2. d4 d5 3. exd5 cxd5 4. c4 Nf6 5. Nc3 Nc6 6. Nf3 e6 7. a3 Be7 8. c5 O-O 9. Bd3 a5 10. Na4 Nd7 11. Bf4 h6 12. O-O b6 13. cxb6 Nxb6 14. Rc1 Bd7 15. Nc5 Bxc5 16. Rxc5 Rc8 17. Qc2 Qe7 18. Rc1 Nxd4 19. Nxd4 e5 20. Rxc8 Rxc8 21. Qe2 Re8 22. Re1 Qh4 23. Bxe5 f6 24. Nf3 Qh5 25. Qc2 Rxe5 26. Nxe5 fxe5 27. Qc7 e4 28. Bxe4 dxe4 29. Qxb6 Qd5 30. b4 axb4 31. axb4 Bb5 32. Qc5 Qd2 33. Ra1 Qd7 34. h3 Bd3 35. Ra7 Qe6 36. Re7 Qf6 37. Qe5   {Black resigns} 1-0

[Event "Team 45 45 League T29"]
[Site "Free Internet Chess Server"]
[Date "PST.01.0"]
[Round "3"]
[White "purplepawns"]
[Black "HotDonut"]
[Result "0-1"]
[WhiteElo "1813"]
[BlackElo "1920"]
[TimeControl "2700+45"]

1. d4 Nf6 2. c4 e6 3. Nf3 d5 4. Nc3 Be7 5. cxd5 exd5 6. Bf4 c6 7. e3 Bf5 8. Bd3 Bxd3 9. Qxd3 Nh5 10. O-O Nxf4 11. exf4 O-O 12. Rad1 Nd7 13. Rfe1 Bd6 14. Ng5 Nf6 15. Qf3 Qc7 16. Nh3 Rfe8 17. Re3 Qb6 18. g4 Rxe3 19. fxe3 Qxb2 20. g5 Qxc3 21. gxf6 gxf6 22. Kh1 Kh8 23. Nf2 Rg8 24. Ng4 Rg6 25. f5 Rg5 26. Nxf6 Qc2 27. Qh5 Rxh5 28. Rg1 Rxh2#   {White checkmated} 0-1